[Event "2026 Biel Blitz Open"]
[Site "Biel, CH"]
[Date "2026.07.19"]
[Round "10"]
[White "Gloeckler, Christian"]
[Black "Xu, Chang(CQ)"]
[Result "1-0"]
[Board "11"]
[TimeControl "180+2"]
[WhiteFideId "34608966"]
[BlackFideId "8641757"]
[WhiteElo "2513"]
[BlackElo "2049"]
[WhiteTitle "IM"]
[WhiteClock "0:01:35"]
[BlackClock "0:00:36"]
[Variant "Standard"]
[EndDate "2026.07.19"]
[EndTime "14:56:47"]

1. e4 c5 2. Nf3 d6 3. d4 cxd4 4. Nxd4 Nf6 5. Nc3 a6 6. Be3 e5 7. Nf3 Qc7 8. a4 Be7 9. Be2 O-O 10. O-O h6 11. a5 Be6 12. Nd5 Nxd5 13. exd5 Bc8 14. Bb6 Qd7 15. c4 f5 16. b4 Bf6 17. Rc1 Qe7 18. c5 Nd7 19. Bc7 dxc5 20. bxc5 Re8 21. c6 bxc6 22. dxc6 Nf8 23. Bd6 Qf7 24. c7 Ng6 25. Re1 Nf4 26. Bc4 Be6 27. Bxe6 Qxe6 28. Bxe5 Bxe5 29. Rxe5 Qc8 30. g3 Ne6 31. Qd5 Kh8 32. Rxe6 Rxe6 33. Qxa8 Qxa8 34. c8=Q+ Qxc8 35. Rxc8+ Kh7 36. Rc5 g6 37. Ne5 Kg7 38. Rc7+ Kf8 39. f4 g5 40. Rc6 Rxc6 41. Nxc6 g4 42. Nb4 1-0

[Event "2026 Biel Blitz Open"]
[Site "Biel, CH"]
[Date "2026.07.19"]
[Round "10"]
[White "Tureshbayev, Anuar"]
[Black "Bajraktari, Perparim"]
[Result "1-0"]
[Board "12"]
[TimeControl "180+2"]
[WhiteFideId "651081709"]
[BlackFideId "1307711"]
[WhiteElo "2328"]
[BlackElo "2045"]
[WhiteTitle "FM"]
[WhiteClock "0:00:37"]
[BlackClock "0:01:09"]
[Variant "Standard"]
[EndDate "2026.07.19"]
[EndTime "15:05:44"]

1. e4 c5 2. Nf3 Nc6 3. d4 cxd4 4. Nxd4 d6 5. c4 g6 6. Nc3 Bg7 7. Be3 Nf6 8. Be2 O-O 9. O-O a6 10. Rc1 Bd7 11. Qd2 Rc8 12. f3 Ne5 13. b3 Re8 14. Nd5 Nxd5 15. exd5 Rf8 16. h3 f5 17. f4 Nf7 18. Ne6 Bxe6 19. dxe6 Nh6 20. Bf3 Rb8 21. c5 dxc5 22. Qxd8 Rfxd8 23. Bxc5 Bf6 24. Rfd1 b5 25. Rxd8+ Rxd8 26. Bb7 Rd2 27. Bxa6 Rd5 28. b4 g5 29. Bxb5 gxf4 30. Bc4 Rd2 31. a4 f3 32. gxf3 f4 33. a5 Nf5 34. Bf2 Bd4 35. Bxd4 Nxd4 36. Rf1 Rb2 37. b5 Nxb5 38. Bxb5 Rxb5 39. Ra1 Rb7 40. a6 Ra7 41. Ra4 Kg7 42. Kf2 1-0

[Event "2026 Biel Blitz Open"]
[Site "Biel, CH"]
[Date "2026.07.19"]
[Round "10"]
[White "Fernandes Barbosa Dos Santos, Gabriel"]
[Black "Dong, Hongfu"]
[Result "0-1"]
[Board "13"]
[TimeControl "180+2"]
[WhiteFideId "1354388"]
[BlackFideId "8626960"]
[WhiteElo "2167"]
[BlackElo "2290"]
[WhiteTitle "CM"]
[WhiteClock "0:00:04"]
[BlackClock "0:00:56"]
[Variant "Standard"]
[EndDate "2026.07.19"]
[EndTime "14:59:14"]

1. e4 c5 2. Nf3 d6 3. d4 cxd4 4. Nxd4 Nf6 5. Nc3 g6 6. Be3 Bg7 7. f3 O-O 8. Qd2 Nc6 9. Bc4 Bd7 10. h4 h5 11. O-O-O Ne5 12. Bb3 Rc8 13. g4 hxg4 14. h5 Nxh5 15. Bh6 e6 16. Bxg7 Kxg7 17. fxg4 Nxg4 18. Rdg1 Nhf6 19. Qg5 Rc5 20. Qd2 Rh8 21. Nf3 Rxh1 22. Rxh1 Rh5 23. Rxh5 Nxh5 24. Qxd6 Qf6 25. Qxd7 Qxf3 26. Qd4+ Nhf6 27. e5 Nh5 28. Ne4 Nf4 29. Kd2 Qg2+ 30. Kd1 Qe2+ 31. Kc1 Qe1+ 32. Qd1 Ne2+ 0-1

[Event "2026 Biel Blitz Open"]
[Site "Biel, CH"]
[Date "2026.07.19"]
[Round "10"]
[White "Haugner, Jan"]
[Black "Omar, Noaman"]
[Result "0-1"]
[Board "14"]
[TimeControl "180+2"]
[WhiteFideId "24655244"]
[BlackFideId "9300244"]
[WhiteElo "1976"]
[BlackElo "2274"]
[BlackTitle "IM"]
[WhiteClock "0:00:04"]
[BlackClock "0:00:42"]
[Variant "Standard"]
[EndDate "2026.07.19"]
[EndTime "14:58:36"]

1. e4 c6 2. Nf3 d5 3. d3 dxe4 4. dxe4 Qxd1+ 5. Kxd1 g6 6. a4 Bg4 7. Be2 Bxf3 8. Bxf3 Bh6 9. Nd2 Nd7 10. c3 O-O-O 11. Kc2 Ngf6 12. a5 Ne5 13. a6 b6 14. b3 Nxf3 15. gxf3 Nh5 16. Rd1 Bf4 17. h3 Rd7 18. Ba3 Rhd8 19. Nc4 c5 20. Rxd7 Rxd7 21. Rd1 Rxd1 22. Kxd1 Kc7 23. Ne3 e6 24. Ng4 Kc6 25. c4 f5 26. Ne3 Be5 27. exf5 gxf5 28. Bc1 Bd4 29. Ke1 b5 30. Nc2 Be5 31. Be3 b4 32. Ke2 Nf4+ 33. Bxf4 Bxf4 34. Ne1 Kb6 35. Nd3 Bd6 36. Ke3 Kxa6 37. f4 Kb6 38. Nb2 Kc6 39. Nd3 Kd7 40. Kf3 Ke7 41. Kg3 Kf6 42. Kf3 Kg6 43. Kg3 Kh5 44. Nb2 e5 45. Nd3 exf4+ 46. Kf3 Kh4 0-1

[Event "2026 Biel Blitz Open"]
[Site "Biel, CH"]
[Date "2026.07.19"]
[Round "10"]
[White "Cao, Qingfeng"]
[Black "Kwiatkowski, Maciej"]
[Result "1-0"]
[Board "15"]
[TimeControl "180+2"]
[WhiteFideId "8627568"]
[BlackFideId "1360175"]
[WhiteElo "2264"]
[BlackElo "1967"]
[WhiteTitle "IM"]
[WhiteClock "0:01:50"]
[BlackClock "0:00:18"]
[Variant "Standard"]
[EndDate "2026.07.19"]
[EndTime "14:57:15"]

1. c4 Nf6 2. Nc3 c5 3. Nf3 Nc6 4. g3 g6 5. d4 cxd4 6. Nxd4 Bg7 7. Bg2 O-O 8. O-O a6 9. Nc2 d6 10. b3 Bg4 11. Bb2 Qd7 12. Qd2 Bh3 13. Rad1 Bxg2 14. Kxg2 Ne5 15. Ne3 Qc6+ 16. f3 b5 17. Ncd5 Nxd5 18. cxd5 Qb6 19. Bd4 Qd8 20. Qb2 f6 21. Rc1 Rc8 22. f4 Nd7 23. Rc6 Nc5 24. Rc1 Rxc6 25. dxc6 Qc7 26. b4 Ne6 27. Nd5 Qd8 28. c7 Qd7 29. c8=Q 1-0

[Event "2026 Biel Blitz Open"]
[Site "Biel, CH"]
[Date "2026.07.19"]
[Round "10"]
[White "Gautier, Anand"]
[Black "Clausen, Martin"]
[Result "1-0"]
[Board "16"]
[TimeControl "180+2"]
[WhiteFideId "26010186"]
[BlackFideId "1314882"]
[WhiteElo "2198"]
[BlackElo "1956"]
[WhiteTitle "FM"]
[WhiteClock "0:01:43"]
[BlackClock "0:00:13"]
[Variant "Standard"]
[EndDate "2026.07.19"]
[EndTime "15:00:37"]

1. e4 d5 2. exd5 c6 3. dxc6 Nxc6 4. Nf3 e5 5. Nc3 Bd6 6. Bb5 f5 7. d4 e4 8. Ne5 Bxe5 9. Bxc6+ bxc6 10. dxe5 Ba6 11. Qd6 Qxd6 12. exd6 Kd7 13. Bf4 Nf6 14. O-O-O Rhe8 15. Na4 Kd8 16. Bg5 Rb8 17. Nc5 Bc8 18. Bxf6+ gxf6 19. c3 Bd7 20. g3 a5 21. a3 Re5 22. b4 axb4 23. cxb4 Ra8 24. Kb2 Ra7 25. Ra1 e3 26. fxe3 Rxe3 27. Rhe1 Re5 1-0

[Event "2026 Biel Blitz Open"]
[Site "Biel, CH"]
[Date "2026.07.19"]
[Round "10"]
[White "Coban, Ege"]
[Black "Schweizer, Simon"]
[Result "1-0"]
[Board "17"]
[TimeControl "180+2"]
[WhiteFideId "26320304"]
[BlackFideId "1325361"]
[WhiteElo "1936"]
[BlackElo "2182"]
[WhiteClock "0:01:46"]
[BlackClock "0:01:26"]
[Variant "Standard"]
[EndDate "2026.07.19"]
[EndTime "14:55:58"]

1. e4 e5 2. Nf3 Nc6 3. Bb5 a6 4. Ba4 Nf6 5. d4 exd4 6. O-O d6 7. Nxd4 Bd7 8. Re1 Nxd4 9. Bxd7+ Qxd7 10. Qxd4 Be7 11. Nc3 O-O 12. Bg5 Rfe8 13. Rad1 Rad8 14. Qd3 h6 15. Bh4 c6 16. Bg3 Qe6 17. Qf3 Ng4 18. Ne2 Ne5 19. Qb3 b5 20. Qxe6 fxe6 21. Nd4 c5 22. Nxe6 Rc8 23. b3 g5 24. f4 Nf7 25. f5 Rc6 26. Rd5 h5 27. h3 Kh7 28. Red1 Kh6 29. Bf2 Bf6 30. Be3 Kh7 31. g4 h4 32. Kg2 Kh6 33. Bg1 b4 34. Bh2 Be7 35. e5 dxe5 36. Bxe5 a5 37. Bg7+ Kh7 38. Bb2 a4 39. Rd7 Kg8 40. Ng7 1-0

[Event "2026 Biel Blitz Open"]
[Site "Biel, CH"]
[Date "2026.07.19"]
[Round "10"]
[White "Ragavan, Samarth Rajesh"]
[Black "Liu, Bei"]
[Result "1-0"]
[Board "18"]
[TimeControl "180+2"]
[WhiteFideId "39918106"]
[BlackFideId "8603596"]
[WhiteElo "2101"]
[BlackElo "2170"]
[WhiteClock "0:03:02"]
[BlackClock "0:00:06"]
[Variant "Standard"]
[EndDate "2026.07.19"]
[EndTime "15:04:41"]

1. d4 d5 2. c4 e6 3. Nf3 Nf6 4. g3 Be7 5. Bg2 O-O 6. O-O c6 7. Nbd2 b6 8. b3 a5 9. Bb2 Bb7 10. Rc1 Nbd7 11. Re1 b5 12. c5 b4 13. h3 Ba6 14. Qc2 h6 15. e4 dxe4 16. Nxe4 Nxe4 17. Qxe4 Bb5 18. Ne5 Nf6 19. Nxc6 Nxe4 20. Nxd8 Rfxd8 21. Bxe4 Rac8 22. Red1 Bc6 23. Bxc6 Rxc6 24. Kg2 Rd5 25. f4 Bf6 26. Kf3 Kf8 27. Ke4 Ke7 28. Ra1 Rc8 29. Rdc1 Rcd8 30. Rc4 Rb8 31. a3 bxa3 32. Rxa3 Kd7 33. Bc3 Bd8 34. c6+ Kd6 35. b4 axb4 36. Bxb4+ Rxb4 37. Rxb4 Kxc6 38. Ra6+ Kd7 39. Rb7+ Ke8 40. Ra8 h5 41. Raa7 Bf6 42. Rxf7 Rxd4+ 43. Ke3 Rb4 44. Rfd7 Rb3+ 45. Rd3 Rb1 46. g4 Rh1 47. Ke4 Re1+ 48. Re3 Rd1 49. g5 Bd4 50. Ra8+ Ke7 51. Rd3 Rxd3 52. Kxd3 Bc5 53. Ke4 Kf7 54. Rc8 Bd6 55. Rd8 Bb4 56. Rd7+ Kg6 57. Ke5 Be1 58. Kxe6 Bg3 59. f5 Kxg5 60. Rxg7+ Kf4 61. f6 1-0

[Event "2026 Biel Blitz Open"]
[Site "Biel, CH"]
[Date "2026.07.19"]
[Round "10"]
[White "Kolly, Jacques"]
[Black "Filipovic, Branko"]
[Result "0-1"]
[Board "19"]
[TimeControl "180+2"]
[WhiteFideId "1302183"]
[BlackFideId "14507951"]
[WhiteElo "2203"]
[BlackElo "2109"]
[WhiteTitle "FM"]
[BlackTitle "IM"]
[WhiteClock "0:00:45"]
[BlackClock "0:00:45"]
[Variant "Standard"]
[EndDate "2026.07.19"]
[EndTime "15:04:51"]

1. d4 Nf6 2. c4 b6 3. Nc3 Bb7 4. f3 d5 5. cxd5 Nxd5 6. e4 Nxc3 7. bxc3 e6 8. Bd3 c5 9. Ne2 Be7 10. O-O O-O 11. Be3 Nc6 12. Qd2 Qc7 13. Rac1 Rfd8 14. Rfd1 Rac8 15. Qe1 h6 16. Qf2 Na5 17. Bf4 Bd6 18. e5 Bf8 19. Qg3 Kh8 20. h3 Qe7 21. Bb1 cxd4 22. Nxd4 a6 23. Qf2 Nc4 24. Qc2 g6 25. Qf2 Bg7 26. Bd3 Nxe5 27. Bxe5 Bxe5 28. Qe2 Qf6 29. Bxa6 Bxa6 30. Qxa6 Qf4 31. Qf1 Qh2+ 32. Kf2 Qg3+ 33. Kg1 Rd5 34. Qf2 Qh2+ 35. Kf1 Qf4 36. Ne2 Rxd1+ 37. Rxd1 Qc4 38. Qe3 Bg7 39. Qd2 Kh7 40. Rc1 Ra8 41. Rc2 Ra5 0-1

[Event "2026 Biel Blitz Open"]
[Site "Biel, CH"]
[Date "2026.07.19"]
[Round "10"]
[White "Tkhoruk, Roman"]
[Black "Maruntis, Patrik-Robert"]
[Result "0-1"]
[Board "20"]
[TimeControl "180+2"]
[WhiteFideId "34161589"]
[BlackFideId "1259997"]
[WhiteElo "2055"]
[BlackElo "2167"]
[WhiteClock "0:00:22"]
[BlackClock "0:00:17"]
[Variant "Standard"]
[EndDate "2026.07.19"]
[EndTime "15:03:09"]

1. e4 Nc6 2. d4 e6 3. Nf3 d6 4. Bd3 e5 5. d5 Nce7 6. c4 g6 7. Nc3 Bg7 8. Be3 Nf6 9. h3 b6 10. Qd2 a5 11. a4 h6 12. O-O-O Nd7 13. g4 Nc5 14. Bxc5 bxc5 15. Kc2 Bd7 16. b3 Qb8 17. Nb5 Qb6 18. Ng1 O-O-O 19. Ne2 f5 20. gxf5 gxf5 21. exf5 Nxf5 22. Ng3 Nxg3 23. fxg3 Rdf8 24. Rdf1 Kb7 0-1

[Event "2026 Biel Blitz Open"]
[Site "Biel, CH"]
[Date "2026.07.19"]
[Round "10"]
[White "Hakimifard, Ghazal"]
[Black "Schweizer, Samuel"]
[Result "0-1"]
[Board "21"]
[TimeControl "180+2"]
[WhiteFideId "12506540"]
[BlackFideId "1325353"]
[WhiteElo "2130"]
[BlackElo "2006"]
[WhiteTitle "WGM"]
[WhiteClock "0:00:04"]
[BlackClock "0:01:22"]
[Variant "Standard"]
[EndDate "2026.07.19"]
[EndTime "14:59:01"]

1. e4 c5 2. Nf3 e6 3. d4 cxd4 4. Nxd4 a6 5. Nc3 Qc7 6. a3 Nf6 7. Be3 d6 8. g4 Be7 9. g5 Nfd7 10. h4 b5 11. Bg2 Bb7 12. Qd2 Ne5 13. b3 Ng4 14. f4 Nxe3 15. Qxe3 Nd7 16. f5 e5 17. Nde2 Nb6 18. O-O-O d5 19. Nxd5 Nxd5 20. exd5 Bxa3+ 21. Kb1 Bd6 22. Be4 Bc8 23. Kb2 Bd7 24. h5 a5 25. Nc3 a4 26. bxa4 bxa4 27. Rb1 Rc8 28. Rh3 Qa5 29. Kc1 a3 30. Na2 Bc5 31. Qd2 Qa7 32. f6 Bxh3 33. d6 Be3 34. d7+ Kd8 35. dxc8=Q+ Kxc8 0-1

[Event "2026 Biel Blitz Open"]
[Site "Biel, CH"]
[Date "2026.07.19"]
[Round "10"]
[White "Harish, Neeraj"]
[Black "Erne, Raphael"]
[Result "0-1"]
[Board "22"]
[TimeControl "180+2"]
[WhiteFideId "30958130"]
[BlackFideId "1341928"]
[WhiteElo "1920"]
[BlackElo "2128"]
[WhiteTitle "CM"]
[WhiteClock "0:00:05"]
[BlackClock "0:00:05"]
[Variant "Standard"]
[EndDate "2026.07.19"]
[EndTime "14:59:35"]

1. e4 c6 2. d4 d5 3. exd5 cxd5 4. c3 Qc7 5. Bd3 Nc6 6. Na3 a6 7. h3 e5 8. dxe5 Nxe5 9. Nf3 Bd6 10. O-O Ne7 11. Nc2 O-O 12. Ncd4 N7g6 13. Nf5 Bc5 14. N3d4 Bd7 15. Be3 Rae8 16. Re1 Nc4 17. Bxc4 dxc4 18. Qh5 Re5 19. f4 Re4 20. Qf3 Rfe8 21. Ng3 R4e7 22. Rad1 Bc6 23. Qf2 Bd7 24. Bd2 Rxe1+ 25. Rxe1 Bd6 26. Rxe8+ Bxe8 27. Nge2 Bd7 28. Be3 b5 29. g3 Ne7 30. Bd2 h6 31. g4 Nc6 32. Nxc6 Bxc6 33. Nd4 Bb7 34. Nf5 Qc6 35. Kf1 Qh1+ 36. Ke2 Qe4+ 37. Qe3 Qg2+ 38. Qf2 Bf3+ 39. Ke1 Qh1+ 40. Qf1 Qxf1+ 41. Kxf1 Bc5 42. Be3 Bf8 43. Kf2 Be4 44. Nd4 f6 45. f5 Kf7 46. Bf4 Bc5 47. Ke3 Ba8 48. Kd2 Bg2 49. h4 Bh3 50. Ne6 Bb6 51. Bc7 Ba7 52. Ba5 b4 0-1

[Event "2026 Biel Blitz Open"]
[Site "Biel, CH"]
[Date "2026.07.19"]
[Round "10"]
[White "Ashwath Kaushik"]
[Black "Stevens, Christian"]
[Result "1-0"]
[Board "23"]
[TimeControl "180+2"]
[WhiteFideId "33387230"]
[BlackFideId "649090"]
[WhiteElo "2122"]
[BlackElo "1912"]
[WhiteTitle "FM"]
[WhiteClock "0:02:25"]
[BlackClock "0:00:30"]
[Variant "Standard"]
[EndDate "2026.07.19"]
[EndTime "15:03:01"]

1. d4 Nf6 2. Nf3 g6 3. c4 Bg7 4. e3 d6 5. Nc3 O-O 6. Be2 Nbd7 7. O-O e5 8. Qc2 Re8 9. h3 c6 10. Rd1 Qc7 11. b4 Nf8 12. b5 e4 13. Nh2 h5 14. bxc6 bxc6 15. Ba3 Bf5 16. Rac1 N8h7 17. d5 c5 18. Bb2 Nd7 19. Nb5 Qb8 20. Bxg7 Kxg7 21. g4 Ng5 22. gxf5 Nxh3+ 23. Kg2 Ng5 24. fxg6 fxg6 25. Rg1 Ne5 26. Kh1 Nh3 27. Rg2 Rf8 28. Bxh5 Kh6 29. Bg4 Qd8 30. Bxh3 1-0

[Event "2026 Biel Blitz Open"]
[Site "Biel, CH"]
[Date "2026.07.19"]
[Round "10"]
[White "Materia, Matteo"]
[Black "Habibi, Ali"]
[Result "1-0"]
[Board "24"]
[TimeControl "180+2"]
[WhiteFideId "45150575"]
[BlackFideId "4604393"]
[WhiteElo "1881"]
[BlackElo "2116"]
[BlackTitle "IM"]
[WhiteClock "0:00:13"]
[BlackClock "0:00:37"]
[Variant "Standard"]
[EndDate "2026.07.19"]
[EndTime "15:06:52"]

1. Nf3 c5 2. g3 b6 3. Bg2 Bb7 4. O-O e6 5. d3 Nf6 6. e4 d5 7. e5 Nfd7 8. Re1 Be7 9. Bf4 h6 10. c3 g5 11. Bd2 Nc6 12. h3 Qc7 13. Qe2 O-O-O 14. d4 Rdg8 15. Be3 h5 16. Nfd2 Kb8 17. a4 a6 18. Na3 c4 19. Reb1 Na5 20. b3 cxb3 21. Nxb3 Nc4 22. Nxc4 Qxc4 23. Qd2 Rc8 24. Bxg5 Bxg5 25. Qxg5 h4 26. g4 Rce8 27. Qc1 Rc8 28. Qf4 Rh7 29. Nd2 Qxc3 30. Nf3 Qd3 31. Ng5 Rg7 32. Rd1 Qg6 33. Nf3 Rgg8 34. Nxh4 1-0

[Event "2026 Biel Blitz Open"]
[Site "Biel, CH"]
[Date "2026.07.19"]
[Round "10"]
[White "Kelecevic, Nedeljko"]
[Black "Alexakis, Dimitrios"]
[Result "1-0"]
[Board "26"]
[TimeControl "180+2"]
[WhiteFideId "14400537"]
[BlackFideId "4200527"]
[WhiteElo "2150"]
[BlackElo "1895"]
[WhiteTitle "IM"]
[WhiteClock "0:00:03"]
[BlackClock "0:00:03"]
[Variant "Standard"]
[EndDate "2026.07.19"]
[EndTime "15:03:49"]

1. d4 Nf6 2. c4 c5 3. d5 b5 4. cxb5 a6 5. bxa6 Bxa6 6. Nc3 g6 7. Nf3 Bg7 8. e4 Bxf1 9. Kxf1 d6 10. g3 O-O 11. Kg2 Nbd7 12. h3 Qa5 13. Re1 Rfb8 14. e5 dxe5 15. Nxe5 Nxe5 16. Rxe5 Qc7 17. Qe2 Kf8 18. a4 c4 19. Bf4 Qb7 20. Rb1 e6 21. Qf3 Nxd5 22. Rxd5 exd5 23. Bd6+ Kg8 24. Bxb8 Rxb8 25. Nxd5 c3 26. b4 c2 27. Rc1 Qd7 28. Rxc2 Qxa4 29. Rc7 Rf8 30. h4 h5 31. Rb7 Qa2 32. b5 f5 33. Ne7+ Kh7 34. Rb6 Bf6 35. Nd5 Bg7 36. Rb7 Qc2 37. b6 Qe4 38. Qxe4 fxe4 39. Nf4 1-0

[Event "2026 Biel Blitz Open"]
[Site "Biel, CH"]
[Date "2026.07.19"]
[Round "10"]
[White "Gireada, Daniel"]
[Black "Delion, Helge"]
[Result "1-0"]
[Board "27"]
[TimeControl "180+2"]
[WhiteFideId "1206451"]
[BlackFideId "12914568"]
[WhiteElo "2148"]
[BlackElo "1911"]
[WhiteClock "0:00:48"]
[BlackClock "0:00:03"]
[Variant "Standard"]
[EndDate "2026.07.19"]
[EndTime "15:02:45"]

1. d4 Nf6 2. c4 e6 3. Nf3 Bb4+ 4. Bd2 Be7 5. Bg5 Ne4 6. Bxe7 Qxe7 7. Nbd2 f5 8. g3 O-O 9. Bg2 d5 10. O-O Nd7 11. Rc1 c6 12. Qc2 Ndf6 13. Ne5 Bd7 14. f3 Nxd2 15. Qxd2 Rad8 16. c5 Bc8 17. b4 a6 18. a4 Nd7 19. f4 Nxe5 20. fxe5 g5 21. e3 Bd7 22. Rb1 Ra8 23. Rfc1 Qg7 24. Kh1 Be8 25. Bf3 Bg6 26. Rb2 Qh6 27. Qg2 Kh8 28. Re1 f4 29. exf4 gxf4 30. g4 Qh4 31. Qf2 Qxf2 32. Rxf2 Kg7 33. h4 h6 34. Kg2 Rab8 35. Rb2 b6 36. Be2 bxc5 37. dxc5 Be4+ 38. Kf2 f3 39. Bxa6 Rf4 40. Rg1 1-0

[Event "2026 Biel Blitz Open"]
[Site "Biel, CH"]
[Date "2026.07.19"]
[Round "10"]
[White "Stefan, Iulia-Cristiana"]
[Black "Lupei, Denis"]
[Result "1-0"]
[Board "28"]
[TimeControl "180+2"]
[WhiteFideId "1273876"]
[BlackFideId "34611231"]
[WhiteElo "2050"]
[BlackElo "1890"]
[WhiteTitle "WFM"]
[WhiteClock "0:00:10"]
[BlackClock "0:00:06"]
[Variant "Standard"]
[EndDate "2026.07.19"]
[EndTime "15:06:45"]

1. d4 d5 2. Nf3 Nf6 3. c4 c6 4. Qb3 dxc4 5. Qxc4 Nbd7 6. Bg5 Nb6 7. Qc2 Bg4 8. Nbd2 e6 9. e3 Bb4 10. Ne5 Bf5 11. Bd3 Bxd3 12. Nxd3 Be7 13. O-O h6 14. Bh4 O-O 15. Rfd1 Re8 16. Rac1 Nbd7 17. a3 Bd6 18. Ne4 Be7 19. Nec5 Qc7 20. Bg3 Bd6 21. Bxd6 Qxd6 22. Nxb7 Qc7 23. Qxc6 Qxc6 24. Rxc6 Rab8 25. Rc7 Nb6 26. Nbc5 a5 27. Ra7 Nc4 28. Rb1 Nxa3 29. Rc1 Nb5 30. Rxa5 Nd6 31. b4 Rb6 32. Rca1 Nd5 33. Ra6 Reb8 34. Rxb6 Rxb6 35. Ra6 Rxa6 36. Nxa6 Kf8 37. Kf1 Ke7 38. Ke2 Kd7 39. f3 f5 40. Ndc5+ Ke7 41. Kd3 f4 42. e4 Nb6 43. Nb3 g5 44. Nac5 h5 45. g3 fxg3 46. hxg3 h4 47. gxh4 gxh4 48. Ke3 Nbc4+ 49. Kf4 Nf7 50. Kg4 e5 51. Kxh4 exd4 52. Nxd4 Nfe5 53. f4 Ng6+ 54. Kg5 Nf8 55. f5 Nh7+ 56. Kg6 Nf8+ 57. Kg7 Nd6 58. f6+ Ke8 59. e5 Nf7 60. e6 Ne5 61. Nf5 Nxe6+ 62. Nxe6 Kd7 63. Nc5+ Kc6 64. f7 Ng4 65. f8=Q Ne5 66. Qf6+ Kb5 67. Qxe5 1-0

[Event "2026 Biel Blitz Open"]
[Site "Biel, CH"]
[Date "2026.07.19"]
[Round "10"]
[White "Stefan, Romulus-Cristian"]
[Black "King, Alexander"]
[Result "1-0"]
[Board "29"]
[TimeControl "180+2"]
[WhiteFideId "1232835"]
[BlackFideId "1352334"]
[WhiteElo "2048"]
[BlackElo "1854"]
[WhiteTitle "CM"]
[WhiteClock "0:02:06"]
[BlackClock "0:00:08"]
[Variant "Standard"]
[EndDate "2026.07.19"]
[EndTime "14:55:35"]

1. d4 b6 2. e4 Bb7 3. Nc3 e6 4. Bd3 Bb4 5. Nge2 c5 6. d5 exd5 7. exd5 Bxd5 8. O-O Bxc3 9. Nxc3 Bb7 10. Re1+ Ne7 11. Qh5 d5 12. Bg5 Nbc6 13. Bb5 d4 14. Bxc6+ Bxc6 15. Rxe7+ Qxe7 16. Bxe7 Kxe7 17. Re1+ Kf8 18. Nd5 Rd8 19. Qe5 Re8 20. Qd6+ Kg8 21. Ne7+ Kf8 22. Ng6+ Kg8 23. Rxe8+ Bxe8 24. Qf8# 1-0

[Event "2026 Biel Blitz Open"]
[Site "Biel, CH"]
[Date "2026.07.19"]
[Round "10"]
[White "Freuler, Roman"]
[Black "Nguyen Thi Mai Hung"]
[Result "0-1"]
[Board "30"]
[TimeControl "180+2"]
[WhiteFideId "1304283"]
[BlackFideId "12401676"]
[WhiteElo "1852"]
[BlackElo "2039"]
[BlackTitle "WGM"]
[WhiteClock "0:03:02"]
[BlackClock "0:00:33"]
[Variant "Standard"]
[EndDate "2026.07.19"]
[EndTime "15:04:01"]

1. e4 e6 2. d4 d5 3. e5 c5 4. c3 Nc6 5. Nf3 Qb6 6. a3 c4 7. Nbd2 Na5 8. b4 cxb3 9. Rb1 Bd7 10. Nxb3 Ba4 11. Nxa5 Bxd1 12. Rxb6 axb6 13. Bb5+ Kd8 14. Nxb7+ Kc7 15. Nd6 Bxf3 16. gxf3 Bxd6 17. exd6+ Kxd6 18. Bf4+ Ke7 19. a4 Nf6 20. Kd2 h6 21. Kd3 Nh5 22. Bc1 Rhc8 23. Ba3+ Kf6 24. Bd6 Kg6 25. Rg1+ Kh7 26. Be5 Ra7 27. h4 f6 28. Bd6 Rd8 29. Bh2 g6 30. Rb1 Rc8 31. Kd2 Ng7 32. Bd3 Rxa4 33. Rxb6 Ra2+ 34. Bc2 Ra3 35. Bb3 h5 36. Kc2 Rca8 37. Kb2 R3a6 38. Rb7 R8a7 39. Rb8 Nf5 40. Bg3 Rc6 41. Bc2 Nd6 42. Bd3 Rb7+ 43. Rxb7+ Nxb7 44. Bf4 Nd6 45. Bc1 Nf5 46. Bxf5 gxf5 47. Bf4 Kg6 48. Kb3 Kf7 49. Kb2 Ke7 50. Kb3 Kd7 51. Kb2 Rb6+ 52. Kc2 Kc6 53. Bh6 Rb7 54. Bf8 Kb5 55. Kd3 Rf7 56. Ba3 0-1

[Event "2026 Biel Blitz Open"]
[Site "Biel, CH"]
[Date "2026.07.19"]
[Round "10"]
[White "Python, Noe"]
[Black "Aryan Goyal"]
[Result "1-0"]
[Board "32"]
[TimeControl "180+2"]
[WhiteFideId "1337637"]
[BlackFideId "366108825"]
[WhiteElo "2010"]
[BlackElo "1748"]
[WhiteClock "0:00:08"]
[BlackClock "0:00:02"]
[Variant "Standard"]
[EndDate "2026.07.19"]
[EndTime "15:06:42"]

1. e4 e5 2. Nf3 Nc6 3. Nc3 Nf6 4. a3 d5 5. Bb5 Nxe4 6. Qe2 Qd6 7. Nxe4 dxe4 8. Qxe4 Bd7 9. d4 O-O-O 10. dxe5 Nxe5 11. Bxd7+ Rxd7 12. O-O Nxf3+ 13. Qxf3 Qg6 14. Bf4 Bd6 15. Bxd6 Rxd6 16. c4 Rhd8 17. Rad1 Rxd1 18. Rxd1 Rxd1+ 19. Qxd1 Qe4 20. Qc1 c6 21. h3 Kc7 22. Qc3 Qg6 23. b4 f6 24. c5 Qf5 25. Qg3+ Kc8 26. Qxg7 Kb8 27. Qf8+ Kc7 28. Qd6+ Kc8 29. a4 Qb1+ 30. Kh2 Qxb4 31. Qe6+ Kc7 32. Qe7+ Kc8 33. Qe8+ Kc7 34. Qf7+ Kc8 35. Qxf6 Qxc5 36. Qh8+ Kc7 37. Qxh7+ Kb6 38. Qb1+ Kc7 39. Qb2 b5 40. axb5 cxb5 41. h4 a5 42. g4 Qd6+ 43. Kh3 Qd3+ 44. Kg2 Qe4+ 45. f3 Qc4 46. h5 a4 47. h6 Qd3 48. h7 Qxh7 49. Qe5+ Kb6 50. Qf6+ Ka5 51. g5 a3 52. g6 Qg8 53. g7 a2 54. Qf8 Qxf8 55. gxf8=Q a1=Q 56. Qa8+ 1-0

[Event "2026 Biel Blitz Open"]
[Site "Biel, CH"]
[Date "2026.07.19"]
[Round "10"]
[White "Hajduk, Tomasz"]
[Black "Dietiker, Manuel"]
[Result "0-1"]
[Board "33"]
[TimeControl "180+2"]
[WhiteFideId "21811415"]
[BlackFideId "1317377"]
[WhiteElo "1791"]
[BlackElo "2002"]
[WhiteClock "0:00:09"]
[BlackClock "0:01:10"]
[Variant "Standard"]
[EndDate "2026.07.19"]
[EndTime "14:57:14"]

1. e4 c5 2. Nf3 e6 3. d4 cxd4 4. Nxd4 Nc6 5. Nc3 Qc7 6. Be3 Nf6 7. f3 a6 8. Qd2 b5 9. O-O-O b4 10. Nce2 Bb7 11. Nxc6 dxc6 12. g4 Be7 13. h4 Rd8 14. Qe1 Rxd1+ 15. Qxd1 O-O 16. h5 Rd8 17. Qe1 c5 18. g5 Nd7 19. g6 fxg6 20. hxg6 h6 21. Bh3 Nf8 22. Nf4 Qe5 23. Nd3 Qc7 24. Qg1 c4 25. Nf4 Qe5 26. Nh5 b3 27. axb3 cxb3 28. Nxg7 Qa5 29. cxb3 Qa1+ 30. Kc2 Rc8+ 31. Kd2 Qxb2+ 32. Kd3 Qc2+ 33. Kd4 Qc3# 0-1

[Event "2026 Biel Blitz Open"]
[Site "Biel, CH"]
[Date "2026.07.19"]
[Round "10"]
[White "Floure, Alexan"]
[Black "Huang,Hsuan-Chen"]
[Result "0-1"]
[Board "34"]
[TimeControl "180+2"]
[WhiteFideId "1346610"]
[BlackFideId "16303121"]
[WhiteElo "1960"]
[BlackElo "1833"]
[WhiteClock "0:00:03"]
[BlackClock "0:01:18"]
[Variant "Standard"]
[EndDate "2026.07.19"]
[EndTime "15:02:53"]

1. e4 c6 2. d4 d5 3. f3 e6 4. Bd3 Nf6 5. Ne2 c5 6. c3 Nc6 7. O-O Be7 8. Na3 dxe4 9. fxe4 cxd4 10. cxd4 Nxd4 11. Nxd4 Qxd4+ 12. Kh1 O-O 13. e5 Qxe5 14. Bf4 Qa5 15. Nc4 Qh5 16. Be2 Qd5 17. Qc2 Qc5 18. Rf3 b5 19. Na3 Qxc2 20. Nxc2 Bb7 21. Rc3 Nd5 22. Rf3 Nxf4 23. Rxf4 a6 24. Raf1 Rac8 25. Ne1 Rc1 26. Rd4 Bd5 27. a3 Rfc8 28. h3 Bc5 29. Rdf4 Be3 30. Rg4 Bd2 31. Nd3 Rxf1+ 32. Bxf1 Bc4 33. Kh2 Rd8 34. Rxc4 bxc4 35. Ne5 c3 36. bxc3 Bxc3 37. Nc6 0-1